 Dungeon Crawl Stone Soup version 0.19.4-8-ga85b6b9 (webtiles) character file.

84 Naow the Chopper (level 4, 0/58 HPs)
             Began as a Minotaur Berserker on Feb 12, 2017.
             Was a Believer of Trog.
             Shot with an arrow by a centaur (6 damage)
             ... on level 3 of the Dungeon.
             The game lasted 00:01:55 (2132 turns).

Naow the Chopper (Minotaur Berserker)               Turns: 2132, Time: 00:01:56

Health: 0/58       AC:  2    Str: 28    XL:     4   Next: 24%
Magic:  3/3        EV: 12    Int:  4    God:    Trog [**....]
Gold:   62         SH:  0    Dex:  9    Spells: 0 memorised, 3 levels left

rFire  . . .     SeeInvis .     a - +0 hand axe
rCold  . . .     Gourm    .     b - +0 animal skin
rNeg   . . .     Faith    .     (no shield)
rPois  .         Spirit   .     (helmet restricted)
rElec  .         Reflect  .     (no cloak)
rCorr  .         Harm     .     (no gloves)
MR     .....                    (no boots)
Stlth  ..........               (no amulet)
                                (no ring)
                                (no ring)

@: berserking, very quick
A: retaliatory headbutt, horns 2
a: Berserk, Trog's Hand, Burn Spellbooks, Renounce Religion


You were on level 3 of the Dungeon.
You worshipped Trog.
Trog was pleased with you.
You were not hungry.

You visited 1 branch of the dungeon, and saw 3 of its levels.

You collected 62 gold pieces.

Inventory:

Hand Weapons
 a - a +0 hand axe (weapon)
Armour
 b - a +0 animal skin (worn)
Jewellery
 e - a cursed -2 ring of strength {unknown}
 m - an uncursed ring of wizardry {unknown}
 n - an uncursed ring of protection from cold {unknown}
Scrolls
 f - a scroll of teleportation {unknown}
 k - 4 scrolls of identify {unknown}
 o - a scroll of random uselessness {unknown}
 r - a scroll of fog {unknown}
Potions
 d - a potion of degeneration {unknown}
 h - a potion of haste {unknown}
 j - a potion of heal wounds {unknown}
 l - a potion of brilliance {unknown}
 p - a potion of mutation {unknown}
 s - 2 potions of curing {unknown}
Comestibles
 c - 2 bread rations
 g - a beef jerky
 i - a slice of pizza
 q - 4 chunks of flesh


   Skills:
 - Level 3.6 Fighting
 + Level 6.1 Axes
 - Level 2.4 Armour
 - Level 2.1 Dodging


You had 3 spell levels left.
You didn't know any spells.

Dungeon Overview and Level Annotations

Branches:
Dungeon (3/15)

Altars:


Innate Abilities, Weirdness & Mutations

You reflexively headbutt those who attack you in melee.
You have a pair of horns on your head.


Message History

A worm is nearby!
A worm is nearby!
A centaur comes into view.
The centaur shouts!
The centaur wields a shortbow.
The centaur shoots an arrow.
The arrow hits you!
You see here an arrow.
Found a scroll labeled FUXI SOVVUOTZ.
The centaur shoots an arrow.
The arrow hits you.
The centaur shoots an arrow.
The arrow barely misses you.
A red film seems to cover your vision as you go berserk!
You feel yourself moving faster!
You feel mighty!
You feel quite a bit more hungry.
The centaur shoots an arrow.
The arrow hits you! The worm bites you!
You slash the worm!
You kill the worm!
Trog accepts your kill.
The centaur shoots an arrow.
The arrow hits you!
* * * LOW HITPOINT WARNING * * *
The centaur shoots an arrow.
The arrow hits you.
You die...

##.....#..####.#
.#.#
########.....#.#
.# . # ##.#.##.#
.# # # #.#.##.#
.. # #.#.##.. #
#.#)######## #
#.#..(.....#
#.#..(.(...##..#
#.#.....@.......
#.............
#........c....
#.............
#.............
######.....?..
#........
#....##+#


You could see a centaur.

Vanquished Creatures
  4 adders (D:2)
  An ooze (D:1)
  2 worms
  A dart slug (D:1)
  3 leopard geckos
  An orc (D:3)
  A giant cockroach (D:2)
  4 goblins
  8 hobgoblins
  2 kobolds (D:2)
  2 bats (D:2)
  2 rats
31 creatures vanquished.

Notes
Turn   | Place    | Note
-------+----------+-------------------------------------------
     0 | D:1      | Naow the Minotaur Berserker began the quest for the Orb.
     0 | D:1      | Reached XP level 1. HP: 19/19 MP: 0/0
    98 | D:1      | Reached skill level 4 in Axes
   137 | D:1      | Reached XP level 2. HP: 23/26 MP: 1/1
   847 | D:2      | Reached skill level 5 in Axes
   847 | D:2      | Reached XP level 3. HP: 22/31 MP: 2/2
  1598 | D:2      | Reached ** piety under Trog
  1740 | D:2      | Reached XP level 4. HP: 30/39 MP: 3/3
  1872 | D:2      | Reached skill level 6 in Axes
  2127 | D:3      | Noticed a centaur
  2132 | D:3      | Shot with an arrow by a centaur

Skill      XL: |  1  2  3  4 |
---------------+-------------+-----
Axes           | 4 5 6 |  6.1
Fighting       | |  3.6
Armour         | |  2.4
Dodging        | |  2.1

Action                   |  1- 3 |  4- 6 || total
-------------------------+-------+-------++-------
Melee: Hand axe          |    63 |    12 ||    75
       Headbutt          |    10 |     2 ||    12
Invok: Berserk           |       |     1 ||     1
 Stab: Sleeping          |     1 |       ||     1
  Eat: Chunk             |     2 |     2 ||     4
Armor: Animal skin       |     9 |       ||     9
Dodge: Dodged            |    31 |     9 ||    40
